 Dungeon Crawl Stone Soup version 0.15.0-11-g6f4f891 (webtiles) character file.

3833 Kex the Grappler (level 9, -4/89 HPs)
             Began as a Troll Monk on Aug 31, 2014.
             Slain by a killer bee (15 damage)
             ... on Level 8 of the Dungeon.
             The game lasted 01:19:41 (7501 turns).

Kex the Grappler (Troll Monk)                       Turns: 7501, Time: 01:19:43

HP  -4/89        AC  7     Str 22      XL: 9   Next: 98%
MP   4/4         EV 13     Int  6      God:
Gold 345         SH  0     Dex 13 (14) Spells:  0 memorised,  8 levels left

rFire  . . .     SeeInvis .       - Unarmed
rCold  . . .     Clarity  .     u - +2 robe {MR+}
rNeg   . . .     rCorr    .     (shield restricted)
rPois  .         rRot     .     (helmet restricted)
rElec  .         Spirit   .     (no cloak)
SustAb .         Warding  .     (gloves unavailable)
rMut   .         Stasis   .     (boots unavailable)
Gourm  +                        (no amulet)
MR     +....                    g - cursed ring of loudness
                                i - ring of flight

@: lethally poisoned, invisible, somewhat resistant to hostile enchantments,
very unstealthy
A: unfitting armour, claws 3, fast metabolism 3, gourmand, regeneration 2,
saprovore 2, shaggy fur 1, tough skin 2
a: Evoke Flight


You were on level 8 of the Dungeon.
You were full.

You visited 2 branches of the dungeon, and saw 9 of its levels.

You collected 345 gold pieces.

Inventory:

Hand weapons
 q - a +4 spear
 w - a +4 falchion of slicing
Armour
 u - a +2 robe of magic resistance (worn)
Comestibles
 b - 3 meat rations
 c - 4 bread rations
 l - 4 fruits
 m - 3 beef jerkies
Scrolls
 a - a scroll of enchant weapon
 d - 2 scrolls of teleportation
 f - 2 scrolls of remove curse
 h - 4 scrolls of identify
 k - 6 scrolls of amnesia
 o - a scroll of enchant armour
 s - a scroll of blinking
 t - 2 scrolls of fear
 x - 2 scrolls of fog
Jewellery
 g - a cursed ring of loudness (right claw)
 i - a ring of flight (left claw)
Potions
 e - 3 potions of curing
 j - a potion of magic
 n - a potion of agility
 z - a potion of cancellation


   Skills:
 + Level 6.2 Fighting
 + Level 7.4 Dodging
 + Level 3.5 Stealth
 + Level 9.1 Unarmed Combat


You had 8 spell levels left.
You didn't know any spells.

Dungeon Overview and Level Annotations

Branches:
Dungeon (8/15)             Temple (1/1) D:7
   Lair: D:8-11

Altars:
Ashenzari
Cheibriados
Dithmenos
Elyvilon
Fedhas
Kikubaaqudgha
Makhleb
Nemelex Xobeh
Okawaru
Sif Muna
Trog
Vehumet
Xom
Yredelemnul
The Shining One


Innate Abilities, Weirdness & Mutations

You are too large for most types of armour.
You have claws for hands.
Your metabolism is lightning-fast.
You like to eat raw meat.
You heal very quickly.
You can eat rotten meat.
You are covered in fur (AC +1).
You have very tough skin (AC +2).


Message History

The killer bee stings you but does no damage.
You hear an angry buzzing noise.
The killer bee stings you! The killer bee closely misses you.
The killer bee completely misses you.
A killer bee comes into view.
You feel sick. The killer bee barely misses you. The killer bee stings you!
You are more poisoned.
The killer bee poisons you!
You hear an angry buzzing noise.
The killer bee stings you!
* * * LOW HITPOINT WARNING * * *
The killer bee stings you!
* * * LOW HITPOINT WARNING * * *
You hear an angry buzzing noise.
Drink which item? (? for menu, Esc to quit)
You fade into invisibility!
You feel sick. The killer bee barely misses you.
The killer bee barely misses you. The killer bee misses you.
The killer bee misses you. The killer bee stings you!
You die...

#####....#####...#...##...##
####.# ##.....####...## ###
###......## #...##
#.....#...###.....
#.######...#..^... #.#
#.......... ##.# ##......##.
####..########....####
#....@yyyc...##...# #
#...y####y%..##..## . #...##
#.#...#..# . #..# .##.......
. #..# y# .##.... #.. y#
....... .. y# ... .# .


You could see a centaur and 5 killer bees.

Vanquished Creatures
  The ghost of Bikaver the Reanimator, an experienced DENe (D:8)
  The ghost of CrazyArbalest the Bolt Thrower, an experienced DsHu of Okawaru (D:4)
  Eustachio (D:6)
  A water moccasin (D:6)
  A black bear (D:7)
  An ice beast (D:5)
  2 orc warriors
  A phantom (D:4)
  5 centaurs
  A necrophage (D:6)
  A crocodile (D:8)
  Sigmund (D:2)
  A big kobold (D:7)
  2 ogres
  2 giant frogs (D:6)
  A scorpion (D:6)
  5 killer bees
  The ghost of chipmonk the Vexing, a weakling FoEn (D:3)
  A quasit (D:8)
  2 crimson imps
  4 hounds
  4 orc priests
  A goliath beetle (D:7)
  10 orc wizards
  A giant frog skeleton (D:6)
  An iguana (D:7)
  A gnoll shaman (D:5)
  A black bear skeleton (D:6)
  7 worker ants
  Ijyb (D:4)
  A worker ant zombie (D:7)
  4 adders (D:4)
  12 gnolls
  A shadow imp (D:5)
  A goliath beetle zombie (D:6)
  An inept feature mimic (D:6)
  2 giant mites
  2 worms (D:3)
  An adder zombie (D:6)
  An orc zombie (D:7)
  2 iguana skeletons
  5 giant geckos
  2 oozes
  19 orcs
  12 bats
  A bat skeleton (D:5)
  2 giant cockroaches
  13 goblins
  14 hobgoblins
  6 jackals
  7 quokkas
  3 ball pythons
  A giant gecko skeleton (D:6)
  16 giant newts
  A goblin zombie (D:4)
  A hobgoblin skeleton (D:4)
  2 hobgoblin zombies
  10 kobolds
  2 kobold skeletons
  An orc skeleton (D:6)
  13 rats
  A rat skeleton (D:4)
  2 ballistomycetes (D:6)
225 creatures vanquished.

Vanquished Creatures (others)
  A giant spore (D:6)
1 creature vanquished.

Grand Total: 226 creatures vanquished

Notes
Turn   | Place    | Note
--------------------------------------------------------------
     0 | D:1      | Kex, the Troll Monk, began the quest for the Orb.
     0 | D:1      | Reached XP level 1. HP: 22/22 MP: 1/1
   389 | D:1      | Reached XP level 2. HP: 25/29 MP: 1/1
  1136 | D:2      | Reached XP level 3. HP: 36/36 MP: 2/2
  1351 | D:2      | Noticed Sigmund
  1366 | D:2      | Killed Sigmund
  1366 | D:2      | Reached skill level 5 in Unarmed Combat
  1366 | D:2      | Reached XP level 4. HP: 30/45 MP: 2/2
  1398 | D:2      | Found a shattered altar of Ashenzari.
  1731 | D:3      | Reached XP level 5. HP: 44/53 MP: 2/2
  1755 | D:3      | Noticed chipmonk's ghost (weakling FoEn)
  1763 | D:3      | Killed chipmonk's ghost
  2243 | D:4      | Noticed CrazyArbalest's ghost (experienced DsHu)
  2323 | D:4      | Noticed an ogre
  2329 | D:4      | Killed an ogre
  2329 | D:4      | Reached XP level 6. HP: 27/61 MP: 3/3
  2770 | D:4      | Noticed a centaur
  2784 | D:4      | Killed a centaur
  2807 | D:4      | Killed CrazyArbalest's ghost
  2807 | D:4      | Reached skill level 6 in Unarmed Combat
  2807 | D:4      | Reached XP level 7. HP: 30/68 MP: 3/3
  2931 | D:4      | Noticed a centaur
  2943 | D:4      | Killed a centaur
  2997 | D:4      | Noticed Ijyb
  3002 | D:4      | Killed Ijyb
  3036 | D:4      | Noticed a phantom
  3052 | D:4      | Killed a phantom
  3590 | D:5      | Entered Level 5 of the Dungeon
  3719 | D:5      | Reached XP level 8. HP: 76/78 MP: 3/3
  4010 | D:5      | Reached skill level 7 in Unarmed Combat
  4527 | D:6      | Reached skill level 5 in Dodging
  4638 | D:6      | Noticed Eustachio
  4717 | D:6      | Killed Eustachio
  4758 | D:6      | Reached skill level 5 in Fighting
  4949 | D:6      | Reached XP level 9. HP: 37/88 MP: 4/4
  5240 | D:6      | Found a staircase to the Ecumenical Temple.
  5263 | D:6      | the staircase to the Ecumenical Temple was a mimic.
  5528 | D:6      | Reached skill level 8 in Unarmed Combat
  5825 | D:7      | Found a staircase to the Ecumenical Temple.
  6248 | Temple   | Entered the Ecumenical Temple
  7168 | D:8      | Noticed Bikaver's ghost (experienced DENe)
  7176 | D:8      | Killed Bikaver's ghost
  7176 | D:8      | Reached skill level 9 in Unarmed Combat
  7501 | D:8      | Slain by a killer bee

Action                   |  1- 3 |  4- 6 |  7- 9 || total
-------------------------+-------+-------+-------++-------
Melee: Unarmed           |    73 |   117 |   477 ||   667
  Use: Scroll            |     6 |     4 |     9 ||    19
       Potion            |     2 |     4 |     8 ||    14
 Stab: Sleeping          |     2 |     2 |     4 ||     8
       Invisible         |       |     4 |       ||     4
  Eat: Chunk             |     8 |    19 |    43 ||    70
